 Dungeon Crawl Stone Soup version 0.31.0-10-gcf4a605ca0 (webtiles) character file.

Game seed: 3587851616441250877

204 Laraso the Magician (level 5, -2/28 HPs)
             Began as a Deep Elf Alchemist on Jan 26, 2024.
             Slain by a hound zombie (4 damage)
             ... on level 4 of the Dungeon.
             The game lasted 00:04:41 (3198 turns).

Laraso the Magician (Deep Elf Alchemist)            Turns: 3198, Time: 00:04:42

Health: -2/28      AC:  3    Str:  5    XL:     5   Next: 52%
Magic:  17/17      EV: 12    Int: 22    God:
Gold:   162        SH:  0    Dex: 15    Spells: 5/19 levels left

rFire   + + .        j - +3 dagger of Purpose {venom, rN+ Stlth+}
rCold   + . .        (no shield)
rNeg    + . .        a - +0 robe
rPois   +            (no helmet)
rElec   +            (no cloak)
rCorr   +            (no gloves)
SInv    +            o - +0 pair of boots
Will    .....        (no amulet)
Stlth   +++          i - ring of see invisible
HPRegen 0.24/turn    q - ring of protection from fire
MPRegen 0.15/turn

%: no passive effects
@: resistant, weak-willed, attractive, invisible
A: no striking features
a: no special abilities


You were on level 4 of the Dungeon.
You visited 1 branch of the dungeon, and saw 4 of its levels.

You collected 162 gold pieces.

Inventory:

Hand Weapons
 j - the +3 dagger of Purpose (weapon) {venom, rN+ Stlth+}
   (You found it on level 2 of the Dungeon)

   rN+:       It protects you from negative energy.
   Stlth+:    It makes you more stealthy.
Missiles
 d - 23 poisoned darts
Armour
 a - a +0 robe (worn)
 o - a +0 pair of boots (worn)
Jewellery
 i - a ring of see invisible (left hand)
 q - a ring of protection from fire (right hand)
Wands
 r - a wand of flame (21)
Scrolls
 g - a scroll of identify
 m - a scroll of fear
Potions
 b - 3 potions of magic
 k - a potion of resistance
 l - a potion of might {unknown}


   Skills:
 - Level 2.4 Dodging
 - Level 2.4 Stealth
 * Level 7.9 Spellcasting
 - Level 1.1 Conjurations
 - Level 3.2 Alchemy


You had 5 spell levels left.
You knew the following spells:

 Your Spells              Type           Power      Damage    Failure   Level
a - Sting                 Conj/Alch      72%        1d7       3%          1
b - Mercury Vapours       Alch/Air       30%        N/A       6%          2
c - Mephitic Cloud        Conj/Alch/Air  15%        N/A       12%         3
d - Sticky Flame          Fire/Alch      15%        2d5       36%         4
e - Olgreb's Toxic Radia  Alch           23%        N/A       19%         4

Your spell library contained the following spells:

 Spells                   Type           Power      Damage    Failure   Level
 Slow                     Hex            32%        N/A       8%          1
 Ensorcelled Hibernation  Hex/Ice        16%        N/A       12%         2
 Fugue of the Fallen      Necr           8%         N/A       22%         3
 Anguish                  Hex/Necr       4%         N/A       58%         4


Dungeon Overview and Level Annotations

Branches:
Dungeon (4/15)
 Temple: D:4-7

Altars:
Fedhas
Makhleb


Message History

The phantom blinks!
You blink.
The bullfrog zombie hits you but does no damage.
The phantom is attracted toward you.
It was a potion of invisibility.
You fade into invisibility!
The hound zombie barely misses you.
The phantom hits you but does no damage.
You completely miss the phantom. The hound zombie closely misses you.
The phantom closely misses you.
You catch the helpless phantom completely off-guard!
You puncture the phantom!
The phantom is moderately damaged.
The phantom hits you.
* * * LOW HITPOINT WARNING * * *
You hit the phantom.
The phantom is lightly damaged.
The hound zombie bites you.
* * * LOW HITPOINT WARNING * * *
The phantom closely misses you.
You feel better. The hound zombie misses you.
The phantom hits you but does no damage.
The phantom hits you!
* * * LOW HITPOINT WARNING * * *
You hit the phantom.
The phantom is moderately damaged.
The hound zombie barely misses you. The phantom misses you.
The phantom hits you.
* * * LOW HITPOINT WARNING * * *
You hit the phantom but do no damage.
The phantom is moderately damaged.
The hound zombie bites you.
* * * LOW HITPOINT WARNING * * *
You barely miss the phantom.
The phantom is moderately damaged.
The hound zombie closely misses you. The phantom barely misses you.
The phantom is attracted toward you.
You barely miss the phantom.
The phantom is moderately damaged.
The hound zombie bites you.
You die...

#.####### ##....Z..#
.$.....#.#######
#..8...!......#
.#Z......#####.#
.......#.#####.#
#.....##Z#
#####......ZW#
#####§.....##.#@W#
##.§..§§###.......§#
#..§.§.## #.####.#.#
#§.§§§§.# #.# #$#.#
#.§...§.###.. ..#..
#.....§..###########.
#.#...§..##.....# )#
..#..##..##.....# #
...........<....#


You could see 2 phantoms, a hound zombie (unable to see you) and a bullfrog
zombie (unable to see you).

Vanquished Creatures
  A centaur zombie (D:4)
  A scorpion zombie (D:4)
  An orc wizard (D:3)
  A hound zombie (D:4)
  4 adders
  3 adder zombies (D:4)
  2 dart slugs
  3 orcs (D:3)
  5 ball pythons
  4 bats
  3 endoplasms
  6 giant cockroaches
  6 goblins
  4 hobgoblins
  3 jackals (D:3)
  A quokka (D:1)
  2 frilled lizards
  3 kobolds
  A rat (D:1)
54 creatures vanquished.

Notes
Turn   | Place    | Note
-------+----------+-------------------------------------------
     0 | D:1      | Laraso the Deep Elf Alchemist began the quest for the Orb.
     0 | D:1      | Reached XP level 1. HP: 10/10 MP: 6/6
   254 | D:1      | Reached skill level 4 in Spellcasting
   254 | D:1      | Reached XP level 2. HP: 15/15 MP: 3/9
   257 | D:1      | Learned a level 2 spell: Mercury Vapours
  1030 | D:2      | Identified the +3 dagger of Purpose {venom, rN+ Stlth+}
  1081 | D:2      | Reached XP level 3. HP: 19/19 MP: 11/11
  1084 | D:2      | Reached skill level 5 in Spellcasting
  1789 | D:2      | Found a faded altar of an unknown god.
  1798 | D:2      | Got Plato's Incunabulum of the Sphinx
  1811 | D:2      | Found a blossoming altar of Fedhas.
  2061 | D:3      | Reached XP level 4. HP: 24/24 MP: 10/13
  2141 | D:3      | Reached skill level 6 in Spellcasting
  2411 | D:3      | Found a burning altar of Makhleb.
  2411 | D:3      | Noticed a balrug
  2414 | D:3      | Noticed a neqoxec
  2414 | D:3      | Noticed a neqoxec
  2758 | D:4      | Reached skill level 7 in Spellcasting
  2758 | D:4      | Reached XP level 5. HP: 15/28 MP: 14/16
  2815 | D:4      | Learned a level 3 spell: Mephitic Cloud
  2820 | D:4      | Learned a level 4 spell: Olgreb's Toxic Radiance
  2830 | D:4      | Learned a level 4 spell: Sticky Flame
  3167 | D:4      | Noticed a phantom
  3168 | D:4      | Noticed a phantom
  3196 | D:4      | HP: 1/28 [hound zombie (1)]
  3198 | D:4      | Slain by a hound zombie

Illustrated notes

Levels and vault maps discovered:
D:1:      dpeg_arrival_boxorama, layout_loops_ring
D:2:      layout_loops_corners, shapermc_ecumenical_altar_rom_forum,
          basic_altar, kennysheep_generic_room_3
D:3:      layout_rooms, makhleb_altar_promises_db
D:4:      layout_loops_cross, worldfamousw_hep_ancestral_shrine,
          cheibrodos_worm_habitat, minmay_temple_entry_statues_fountains,
          serial_undead, serial_undead_c, serial_undead_a, serial_undead_b,
          serial_undead_a, serial_undead_d, uniq_ijyb

Skill      XL: |  1  2  3  4 |
---------------+-------------+-----
Spellcasting   | 4 5 7 |  7.9
Dodging        | |  2.4
Stealth        | |  2.4
Conjurations   | |  1.1
Alchemy        | |  3.2

Action                     |  1- 3 |  4- 6 || total
---------------------------+-------+-------++-------
  Melee: Unarmed           |     3 |       ||     3
         Dagger            |    25 |    98 ||   123
         Whip              |     2 |       ||     2
         Punch             |     1 |     3 ||     4
  Throw: Dart              |     1 |       ||     1
   Cast: Sting             |    35 |    12 ||    47
         Mercury Vapours   |    11 |     5 ||    16
    Use: Scroll            |       |     5 ||     5
         Potion            |       |     5 ||     5
   Stab: Sleeping          |     4 |     1 ||     5
         Invisible         |       |     1 ||     1
 Armour: Robe              |    14 |    98 ||   112
  Dodge: Dodged            |    13 |    91 ||   104
